 Dungeon Crawl Stone Soup version 0.18-a0-1109-gfc003ac (webtiles) character file.

3810 xgamer67 the Covert (level 10, -8/94 HPs)
             Began as an Octopode Artificer on Jan 16, 2016.
             Was a Follower of Ashenzari.
             Mangled by a mummy (20 damage)
             ... on level 8 of the Dungeon.
             The game lasted 00:26:45 (7985 turns).

xgamer67 the Covert (Octopode Artificer)            Turns: 7985, Time: 00:26:45

Health: -8/94      AC:  1    Str: 14    XL:     10   Next: 17%
Magic:  13/13      EV: 16    Int: 17    God:    Ashenzari [*.....]
Gold:   164        SH:  5    Dex: 15    Spells: 0 memorised, 9 levels left

rFire  + . .     SeeInvis .     a - +8 rapier of Woe {flame, Fragile +Fly rN+++ Str-4} (curse)
rCold  . . .     Gourm    .     v - +0 buckler
rNeg   + + +     Faith    .     (helmet restricted)
rPois  .         Spirit   .     (no amulet)
rElec  .         Dismiss  .     m - ring of stealth (curse)
rCorr  .         Reflect  .     O - ring of protection from fire (curse)
SustAt .         Harm     .     (no ring)
MR     .....                    (no ring)
Stlth  ..........               (no ring)
                                (no ring)
                                (no ring)
                                (no ring)

@: berserking, very quick, not resistant to hostile enchantments, extremely
unstealthy
A: almost no armour, amphibious, 8 rings, constrict 8, antennae 1, camouflage 1,
clever 1, strong 1, gelatinous body 1
a: Scrying, Renounce Religion, Evoke Flight


You were on level 8 of the Dungeon.
You worshipped Ashenzari.
Ashenzari was aware of your devotion.
You were not hungry.

You visited 1 branch of the dungeon, and saw 8 of its levels.

You collected 444 gold pieces.
You spent 280 gold pieces at shops.

Inventory:

Hand Weapons
 a - the cursed +8 rapier of Woe (weapon) {flame, Fragile +Fly rN+++ Str-4}
   (You found it on level 4 of the Dungeon)

   It has been specially enchanted to burn those struck by it, causing extra
   injury to most foes and up to half again as much damage against particularly
   susceptible opponents.
   It affects your strength (-4).
   It renders you almost immune to negative energy.
   It lets you fly.
   It will be destroyed if unequipped.
   It has a curse placed upon it.
 u - a +2 dagger of draining
 B - the +3 war axe "Mocvohi" {chop, rPois rN+ Str-5 Int+4}
   (You found it on level 5 of the Dungeon)

   It inflicts extra damage upon your enemies.
   It affects your strength (-5).
   It affects your intelligence (+4).
   It protects you from poison.
   It protects you from negative energy.
 M - a +0 blowgun
Missiles
 o - 7 needles of sleeping
 t - 31 poisoned needles
 y - 4 tomahawks (quivered)
Armour
 v - a +0 buckler (worn)
Jewellery
 m - a cursed ring of stealth (left tentacle)
 O - a cursed ring of protection from fire (right tentacle)
 W - an uncursed amulet of dismissal
Wands
 b - a wand of flame (6/48)
 c - a wand of enslavement (20/24)
 d - a wand of random effects (11/48)
 s - a wand of fire (4/15)
 D - a wand of teleportation (6/9)
 H - a wand of polymorph (10/24)
 S - a wand of confusion (37/48)
 Y - a wand of disintegration (6/24)
Scrolls
 h - 4 scrolls of noise
 q - 3 scrolls of recharging
 w - 4 scrolls of amnesia
 x - a scroll of fog
 z - a scroll of enchant armour
 C - a scroll of immolation
 G - a scroll of blinking
 I - 14 scrolls of curse jewellery
 J - a scroll of curse armour
 U - a scroll of teleportation
 V - a scroll of magic mapping
 X - a scroll of remove curse
Potions
 e - 3 potions of flight
 i - a potion of ambrosia
 j - 2 potions of agility
 k - a potion of cancellation
 r - 2 potions of magic
 A - 3 potions of curing
 E - a potion of brilliance
 K - 2 potions of might
 N - a potion of resistance
 R - a potion of lignification
Books
 F - a book of Annihilations

   Spells                             Type                      Level
   a - Poison Arrow                   Conjuration/Poison           6
   b - Chain Lightning                Conjuration/Air              8
   c - Lehudib's Crystal Spear        Conjuration/Earth            8
   d - Glaciate                       Conjuration/Ice              9
   e - Fire Storm                     Conjuration/Fire             9
 L - a book of Cantrips

   Spells                             Type                      Level
   a - Corona                         Hexes                        1
   b - Animate Skeleton               Necromancy                   1
   c - Summon Small Mammal            Summoning                    1
   d - Apportation                    Translocation                1
Comestibles
 f - 6 bread rations
 g - 10 fruits
 l - 3 meat rations
 n - 2 royal jellies
 P - a slice of pizza
 Q - 2 beef jerkies


   Skills:
 - Level 4.0 Fighting
 * Level 9.2 Short Blades
 + Level 6.5 Dodging
 + Level 9.4 Stealth
 - Level 4.0 Shields
 - Level 4.0 Evocations


You had 9 spell levels left.
You didn't know any spells.

Dungeon Overview and Level Annotations

Branches:
Dungeon (8/15)             Temple (0/1) D:7
   Lair: D:8-11

Altars:
Ashenzari
Cheibriados
Nemelex Xobeh
Pakellas
Trog
Xom
Yredelemnul

Shops:
D:4 [?:(%


Innate Abilities, Weirdness & Mutations

You cannot wear most types of armour.
You are amphibious.
You can wear up to eight rings at the same time.
You can use your tentacles to constrict eight enemies at once.
Your skin changes colour to match your surroundings (Stealth).
Your rubbery body absorbs attacks (AC +1).
You have a pair of small antennae on your head.
Your mind is acute. (Int +2)
Your muscles are strong. (Str +2)


Message History

The gnoll hits you with a club.
The gnoll hits you from afar with a spear!
* * * LOW HITPOINT WARNING * * *
You hit the gnoll sergeant. You burn the gnoll sergeant.
The gnoll sergeant is almost dead.
You constrict the gnoll sergeant.
You kill the gnoll sergeant!
The gnoll hits you with a club!
* * * LOW HITPOINT WARNING * * *
The gnoll completely misses you.
Drink which item? (? for menu, Esc to quit)
A red film seems to cover your vision as you go berserk!
You feel yourself moving faster!
You feel mighty! The gnoll completely misses you. You block the gnoll's attack.
You barely miss the gnoll. Your grab misses the gnoll.
You barely miss the gnoll. You grab the gnoll. You squeeze the gnoll!
The gnoll is severely wounded.
You constrict the gnoll. The gnoll hits you but does no damage.
The gnoll barely misses you. The mummy hits you!!
You die...

... #........#
#
#.###..#######
.. #......####
.##
##.........# ..
#..##.####.#
#.## #.###.#
#..###.# #.. ..
#.##(.##...# ##
#@g.......##
######M).####.#
#...))g...#
#.........#
#....g###.....#
#...Mg###....##
#.....###...##
....g.......#
..........###


You could see a mummy and 2 gnolls.

Vanquished Creatures
  A queen bee (D:7)
  Prince Ribbit (D:5)
  Sigmund (D:4)
  Menkaure (D:6)
  Edmund (D:4)
  Duvessa (D:4)
  An ice beast (D:8)
  3 sky beasts
  4 ogres
  4 centaurs
  A big kobold (D:7)
  2 giant frogs (D:7)
  A water moccasin zombie (D:5)
  Dowan (D:4)
  A gnoll sergeant (D:8)
  A wyvern skeleton (D:6)
  A scorpion (D:7)
  3 wights (D:6)
  6 crimson imps
  2 giant frog zombies
  2 quasits
  6 hounds
  3 jellies
  2 orc priests
  A centaur skeleton (D:4)
  Crazy Yiuf (D:4)
  2 orc wizards (D:4)
  Ijyb (D:3)
  Natasha (thrice) (D:4)
  Terence (D:3)
  5 worker ants
  A hound skeleton (D:4)
  3 worker ant zombies
  3 adders
  7 gnolls
  A river rat (D:6)
  A shadow imp (D:5)
  An ooze (D:3)
  An adder zombie (D:6)
  3 worms
  7 giant geckos
  23 orcs
  7 giant cockroaches
  11 goblins
  10 hobgoblins
  2 jackals (D:3)
  9 kobolds
  A quokka (D:6)
  7 bats
  4 giant newts
  A quokka skeleton (D:6)
  13 rats
180 creatures vanquished.

Notes
Turn   | Place    | Note
--------------------------------------------------------------
     0 | D:1      | xgamer67 the Octopode Artificer began the quest for the Orb.
     0 | D:1      | Reached XP level 1. HP: 13/13 MP: 3/3
   238 | D:1      | Reached XP level 2. HP: 16/18 MP: 4/4
   800 | D:1      | Reached skill level 4 in Stealth
   994 | D:1      | Reached XP level 3. HP: 23/23 MP: 5/5
  1450 | D:2      | You fall through a shaft for 2 floors!
  1821 | D:3      | Reached XP level 4. HP: 28/28 MP: 6/6
  1907 | D:3      | Found a shimmering altar of Xom.
  2229 | D:3      | Noticed Terence
  2234 | D:3      | Killed Terence
  2234 | D:3      | Reached XP level 5. HP: 33/33 MP: 7/7
  2398 | D:3      | Noticed Ijyb
  2410 | D:3      | Killed Ijyb
  2536 | D:3      | Reached skill level 5 in Dodging
  2630 | D:3      | Reached XP level 6. HP: 33/39 MP: 8/8
  3061 | D:3      | Gained mutation: You have a pair of small antennae on your head. [potion of beneficial mutation]
  3062 | D:3      | Gained mutation: Your muscles are strong. (Str +2) [potion of beneficial mutation]
  3064 | D:3      | Gained mutation: You are clumsy. (Dex -2) [potion of mutation]
  3064 | D:3      | Gained mutation: Your mind is acute. (Int +2) [potion of mutation]
  3064 | D:3      | Lost mutation: You are clumsy. (Dex -2) [potion of mutation]
  3179 | D:4      | Got a crude rapier
  3181 | D:4      | Identified the +8 rapier of Woe {flame, Fragile +Fly rN+++ Str-4} (You found it on level 4 of the Dungeon)
  3217 | D:4      | Noticed Natasha
  3221 | D:4      | Killed Natasha
  3302 | D:4      | Found Lienid's Food Boutique.
  3302 | D:4      | Noticed Duvessa
  3302 | D:4      | Noticed Dowan
  3308 | D:4      | Found Awecsar's Weapon Shoppe.
  3324 | D:4      | Found Qewne's Antique Armour Emporium.
  3363 | D:4      | Noticed Sigmund
  3392 | D:4      | Noticed Natasha
  3398 | D:4      | Killed Natasha
  3458 | D:4      | Noticed Natasha
  3558 | D:4      | Killed Natasha
  3660 | D:4      | Found Hoanotey's Magic Scroll Boutique.
  3666 | D:4      | Found Meab's Book Shop.
  3681 | D:4      | Bought a scroll of identify for 28 gold pieces
  3681 | D:4      | Bought 3 scrolls of identify for 84 gold pieces
  3681 | D:4      | Bought a scroll of identify for 28 gold pieces
  3717 | D:4      | Reached XP level 7. HP: 46/46 MP: 9/9
  3862 | D:4      | Found a shattered altar of Ashenzari.
  3886 | D:4      | Became a worshipper of Ashenzari the Shackled
  4097 | D:4      | Noticed Crazy Yiuf
  4103 | D:4      | Killed Crazy Yiuf
  4184 | D:4      | You fall through a shaft for 2 floors!
  4191 | D:6      | Reached skill level 5 in Stealth
  4440 | D:6      | Reached skill level 1 in Shields
  4698 | D:6      | Noticed Menkaure
  4709 | D:6      | Killed Menkaure
  4709 | D:6      | Reached XP level 8. HP: 18/52 MP: 11/11
  5144 | D:6      | Reached skill level 6 in Stealth
  5276 | D:6      | Found a shimmering altar of Xom.
  5277 | D:6      | Found a basalt altar of Yredelemnul.
  5278 | D:6      | Found a sparkling altar of Nemelex Xobeh.
  5281 | D:6      | Found a bloodstained altar of Trog.
  5375 | D:5      | Entered Level 5 of the Dungeon
  5380 | D:5      | Got the war axe "Mocvohi" {chop, rPois rN+ Str-5 Int+4}
  5432 | D:5      | Found an oddly glowing altar of Pakellas.
  5653 | D:5      | Identified the +3 war axe "Mocvohi" {chop, rPois rN+ Str-5 Int+4} (You found it on level 5 of the Dungeon)
  5664 | D:5      | Reached skill level 5 in Short Blades
  5788 | D:5      | Reached skill level 7 in Stealth
  5845 | D:5      | Noticed Prince Ribbit
  5908 | D:5      | Killed Prince Ribbit
  5908 | D:5      | Reached skill level 8 in Stealth
  5954 | D:5      | Reached XP level 9. HP: 56/56 MP: 12/12
  6046 | D:5      | Reached * piety under Ashenzari
  6478 | D:4      | Killed Duvessa
  6490 | D:4      | Killed Dowan
  6539 | D:4      | Killed Sigmund
  6552 | D:4      | Noticed Edmund
  6559 | D:4      | Killed Edmund
  6625 | D:4      | Bought a scroll of identify for 28 gold pieces
  6625 | D:4      | Bought 3 scrolls of identify for 84 gold pieces
  6625 | D:4      | Bought a scroll of identify for 28 gold pieces
  7291 | D:7      | Noticed a queen bee
  7291 | D:7      | a hippogriff changed into a queen bee
  7302 | D:7      | Killed a queen bee
  7302 | D:7      | Reached skill level 9 in Stealth
  7525 | D:7      | Reached XP level 10. HP: 63/63 MP: 13/13
  7558 | D:7      | Found a staircase to the Ecumenical Temple.
  7931 | D:8      | Found a snail-covered altar of Cheibriados.
  7985 | D:8      | Mangled by a mummy

Vault maps used:
D:1:      scummos_arrival_checkerplants, serial_forest,
          infiniplex_forest_straight_4, infiniplex_forest_end_3,
          infiniplex_forest_straight_5, infiniplex_forest_lined_room_2,
          infiniplex_forest_lined_room_
D:3:      led_xom_imps, uniq_terence, uniq_iyjb
D:4:      lemuel_doored_altar, serial_shops, shop_statue,
          nicolae_shop_competitors_out_of_business, shop, shop, shop,
          first_bread, uniq_edmund, uniq_sigmund, uniq_duvessa,
          uniq_crazy_yiuf_cottage, uniq_natasha
D:5:      basic_altar, uniq_prince_ribbit1
D:6:      minitemple, gup_sewer_entry_spiral, kennysheep_cross_room,
          uniq_menkaure
D:7:      minmay_temple_entry_fiery
D:8:      boulder_indie, slow_altar_1, basic_altar, hangedman_ranch, uniq_erica

Action                   |  1- 3 |  4- 6 |  7- 9 | 10-12 || total
-------------------------+-------+-------+-------+-------++-------
Melee: Short sword       |    12 |       |       |       ||    12
       Dagger            |    53 |    90 |       |       ||   143
       Rapier            |       |    28 |   169 |    40 ||   237
Throw: Stone             |     1 |       |     1 |       ||     2
Evoke: Wand              |       |     8 |     5 |       ||    13
  Use: Scroll            |       |    12 |    12 |     1 ||    25
       Potion            |       |     6 |     2 |     1 ||     9
 Stab: Sleeping          |    17 |     7 |    30 |     7 ||    61
       Distracted        |     1 |       |     1 |       ||     2
       Paralysed         |       |     1 |       |       ||     1
  Eat: Chunk             |     2 |     5 |    11 |     2 ||    20
       Pizza             |       |     1 |     1 |       ||     2
